[Event "Early-Titled-Tuesday-Blitz-May-14-2024"]
[Site "Chess.com"]
[Date "2024.05.14"]
[Round "8"]
[White "h4parah5"]
[Black "Grischuk"]
[Result "0-1"]
[WhiteElo "3044"]
[BlackElo "3123"]
[TimeControl "180+1"]
[EndTime "9:31:21 PDT"]
[Termination "Grischuk won by resignation"]

1. Nf3 d5 2. e3 Nf6 3. c4 e6 4. b3 c5 5. Bb2 Nc6 6. cxd5 exd5 7. Be2 d4 8. exd4 cxd4 9. Bb5 Bc5 10. Qe2+ Be6 11.
Bxc6+ bxc6 12. O-O O-O 13. Qe5 Bd5 14. Bxd4 Re8 15.
Qf4 Bxd4 16. Qxd4 Bxf3 17. Qxd8 Raxd8 18. gxf3 h5 19. Nc3 Rxd2 20. Rfd1 Red8 21. Kf1 R8d3 22. Rxd2 Rxd2 23. Rc1 h4 24. Ne4 Nxe4 25. fxe4 Rxa2 26.
Rxc6 Rb2 27. Rc8+ Kh7 28. Rc7 f6 29. Rxa7 Rxb3 30. Kg2 h3+ 31. Kf1 Rb1+ 32. Ke2 Rh1 33. Kf3 Rxh2 34. Ra1 g5 35. e5 fxe5 36. Kg3 Rg2+ 37.
Kxh3 Rxf2 38. Re1 Rf5 39. Kg4 Kg6 40. Re2 Rf4+ 41. Kg3 Kf5 42. Ra2 g4 43. Ra8 Rf3+ 44. Kg2 Kf4 45. Rf8+ Ke3 46. Rg8 Rf4 47. Kg3 e4 48.
Ra8 Rf7 49. Ra3+ Ke2 50. Ra2+ Kd3 51. Ra3+ Kd2 52. Ra2+ Kc3 53. Ra3+ Kb4 54. Ra1 e3 55. Re1 Re7 56. Kxg4 Kc3 57. Kf3 Kd2 58. Re2+ Kd3 59. Ra2 e2 0-1

[Event "Early-Titled-Tuesday-Blitz-May-14-2024"]
[Site "Chess.com"]
[Date "2024.05.14"]
[Round "8"]
[White "DishonorOnYourCow"]
[Black "TregubovP"]
[Result "1/2-1/2"]
[WhiteElo "2535"]
[BlackElo "2692"]
[TimeControl "180+1"]
[EndTime "9:31:21 PDT"]
[Termination "Game drawn by stalemate"]

1. d4 Nf6 2. c4 c5 3. d5 b5 4. cxb5 a6 5. bxa6 g6 6. Nc3 Bxa6 7. Nf3 Bg7 8. e4 Bxf1 9. Kxf1 d6 10. g3 O-O 11. Kg2 Nbd7 12. a4 Nb6 13. Qc2 Nfd7 14. h4 e6 15. h5 exd5 16. exd5 Qb8 17. Bf4 Nc4 18. Rab1 Nce5 19. Nxe5 Nxe5 20. hxg6 fxg6 21. Nb5 Qb7 22. Rbd1 Qd7 23. Rh4 Rf5 24. Rdh1 h5 25.
Nc3 Ng4 26. f3 Rxf4 27. fxg4 Rxg4 28. Rxg4 Qxg4 29. Rh4 Qg5 30. Qe2 Be5 31. Ne4 Qf5 32.
Qf3 Qxf3+ 33. Kxf3 Kg7 34. b3 Rb8 35. Nd2 Bc3 36. Nc4 Rxb3 37. Ke4 Rb4 38. Kd3 Be1 39.
Nxd6 Bxg3 40. Rxb4 cxb4 41. Ne4 Bb8 42. d6 Kf7 43. d7 Ke7 44. Nc5 Ba7 45. Ne6 Kxd7 46. Nf8+ Kd6 47. Nxg6 Kd5 48. Nf4+ Kc5 49. Nxh5 Bb8 50.
Nf6 Kb6 51. Nd7+ Kb7 52. Nxb8 Kxb8 53. Kc4 Kb7 54. Kxb4 Ka6 55. a5 Ka7 56. Kb5 Kb7 57. a6+ Ka7 58. Ka5 Ka8 59. Kb6 Kb8 60. a7+ Ka8 61. Ka6 1/2-1/2

[Event "Early-Titled-Tuesday-Blitz-May-14-2024"]
[Site "Chess.com"]
[Date "2024.05.14"]
[Round "8"]
[White "laboratorio25"]
[Black "JJDAREK"]
[Result "1-0"]
[WhiteElo "2544"]
[BlackElo "2381"]
[TimeControl "180+1"]
[EndTime "9:31:21 PDT"]
[Termination "laboratorio25 won on time"]

1. e4 d6 2. d4 Nf6 3. Nc3 g6 4. Nf3 Bg7 5. Bd3 O-O 6. h3 a6 7. O-O Nc6 8. Qe2 e5 9. d5 Ne7 10. a4 Ne8 11. Bg5 h6 12. Bxe7 Qxe7 13. Nd2 f5 14. f4 exf4 15. exf5 Qxe2 16. Bxe2 g5 17. g4 fxg3 18. Bd3 Nf6 19. Kg2 Nh5 20. Be4 Bd7 21.
Rae1 Rae8 22. Nc4 Bxc3 23. bxc3 Bxa4 24. Bf3 Nf4+ 25. Kxg3 Rxf5 26. Bg4 Rff8 27. Ne3 h5 28. Bd1 h4+ 29. Kh2 Kg7 30. Bg4 Bb5 31. c4 Ba4 32.
Nf5+ Kf6 33. Nd4 Re5 34. Nf3 Rxe1 35. Nxe1 Re8 36. Ng2 Re5 37. Nxf4 gxf4 38. Rxf4+ Kg5 39. Rf7 Re4 40. Rxc7 b5 41. c5 dxc5 42. d6 Rd4 43. Rxc5+ Kf4 44. d7 Ke3 45. Re5+ Kd2 46. Re8 Kxc2 47.
d8=Q Rxd8 48. Rxd8 b4 49. Be2 b3 50. Bd3+ Kc3 51. Bf5 a5 52. Rc8+ Kb4 53. Rb8+ Kc3 54. Ra8 b2 55. Rxa5 Bc2 56. Rc5+ Kd4 57. Rxc2 1-0

[Event "Early-Titled-Tuesday-Blitz-May-14-2024"]
[Site "Chess.com"]
[Date "2024.05.14"]
[Round "8"]
[White "Cheer_Down"]
[Black "TitarovVasiliYouTube"]
[Result "0-1"]
[WhiteElo "2459"]
[BlackElo "2621"]
[TimeControl "180+1"]
[EndTime "9:31:22 PDT"]
[Termination "TitarovVasiliYouTube won by resignation"]

1. e4 Nf6 2. e5 Nd5 3. c4 Nb6 4. d4 d6 5. f4 dxe5 6. fxe5 Bf5 7. Nc3 e6 8. Nf3 Be7 9. Be2 O-O 10. O-O f6 11.
Be3 Nc6 12. exf6 Bxf6 13. Qd2 Qe7 14. Rad1 Rad8 15. Qc1 e5 16. d5 Nd4 17. Nxd4 exd4 18. Bxd4 Bg5 19. Qa1 Be3+ 20. Bxe3 Qxe3+ 21. Kh1 Na4 22. Rf3 Qe5 23. Nxa4 Qxe2 24. b3 Be4 25. Rg3 Rd7 26.
Nc3 Qc2 27. Rc1 Rdf7 28. h3 Qxc1+ 29. Qxc1 Rf1+ 30. Qxf1 Rxf1+ 31. Kh2 Bg6 32. Nb5 c6 33. dxc6 bxc6 34. Nd4 Rf6 35. c5 Be4 36. Re3 Bd5 37.
a4 Kf7 38. b4 Rf2 39. Rg3 Rd2 40. Nf5 g6 41. Ne3 Kg7 42. Nxd5 Rxd5 43. Rc3 Rd4 44. b5 Rxa4 45. bxc6 Ra6 46. Rd3 Rxc6 47. Rd7+ Kh6 48.
Rd5 a5 49. g4 a4 50. h4 a3 51. Rd3 Ra6 52. Rc3 a2 53. g5+ Kh5 0-1

[Event "Early-Titled-Tuesday-Blitz-May-14-2024"]
[Site "Chess.com"]
[Date "2024.05.14"]
[Round "8"]
[White "maracayo"]
[Black "kyawmyataung2005"]
[Result "0-1"]
[WhiteElo "2353"]
[BlackElo "2264"]
[TimeControl "180+1"]
[EndTime "9:31:24 PDT"]
[Termination "kyawmyataung2005 won on time"]

1. e4 e5 2. Nf3 Nc6 3. Bb5 a6 4. Ba4 Nf6 5. O-O Be7 6. Re1 b5 7. Bb3 d6 8. c3 O-O 9. h3 Na5 10. Bc2 c5 11. d4 Nd7 12. Nbd2 exd4 13. cxd4 Nc6 14. a3 Bb7 15. d5 Nce5 16. Nh2 Re8 17.
f4 Ng6 18. Ndf3 Bh4 19. Nxh4 Qxh4 20. Nf3 Qg3 21. f5 Nge5 22. Rf1 Nxf3+ 23. Rxf3 Qh4 24. Bf4 Ne5 25. Bxe5 Rxe5 26. Kh2 Rae8 27. f6 Bc8 28. fxg7 Bg4 29. Qf1 Bxf3 30. Qxf3 Qg5 31. Rf1 Qxg7 32. Qf4 Rg5 33. Rf2 Qe5 34. Qxe5 Rgxe5 35. Rf6 Rd8 36. Kg3 Kg7 37. Rf1 c4 38. Kf4 Rc8 39. g4 h6 40.
h4 a5 41. Rg1 b4 42. axb4 axb4 43. Ba4 Ra8 44. Bc6 Ra2 45. Rc1 Rxb2 46. Rxc4 Rf2+ 47. Kg3 Rb2 48. Kf4 Rb1 49. Kf3 b3 50. Rb4 b2 51.
Kg2 Rxe4 52. Rxe4 Rc1 0-1

[Event "Early-Titled-Tuesday-Blitz-May-14-2024"]
[Site "Chess.com"]
[Date "2024.05.14"]
[Round "8"]
[White "monomita"]
[Black "TigrVShlyape"]
[Result "0-1"]
[WhiteElo "2757"]
[BlackElo "2950"]
[TimeControl "180+1"]
[EndTime "9:31:26 PDT"]
[Termination "TigrVShlyape won by resignation"]

1. e4 c5 2. Nf3 e6 3. c3 Nf6 4. e5 Nd5 5. d4 cxd4 6. cxd4 b6 7. Bd2 Ba6 8. h4 Be7 9. h5 Bxf1 10. Kxf1 Qc8 11.
Nc3 Qc4+ 12. Qe2 Qxe2+ 13. Kxe2 Nxc3+ 14. bxc3 Nc6 15. c4 d6 16. exd6 Bxd6 17. h6 g6 18.
Rac1 f6 19. g4 Kf7 20. g5 Be7 21. d5 Nd8 22. gxf6 Bxf6 23. Ng5+ Bxg5 24. Bxg5 Nb7 25. Rh3 Rhe8 26. Rf3+ Kg8 27. Re3 Kf7 28. Kf1 Rac8 29. Rce1 Nc5 30. Rf3+ Kg8 31. d6 Nd7 32. Be7 e5 33.
Re4 Rc5 34. Ra3 a5 35. Rb3 Rec8 36. Rbe3 Kf7 37. f4 Rxc4 38. fxe5 Ke6 39. Rxc4 Rxc4 40.
Bd8 a4 41. a3 b5 42. Ba5 Rh4 43. Bb4 Rxh6 44. Rc3 Rh5 45. Rc8 Rxe5 46. Kg2 Rf5 47. Re8+ Kd5 48. Re7 Kc6 49. Rxh7 Rd5 50. Rh8 Nb6 51.
Rh7 Nc4 52. Rc7+ Kb6 53. Bc5+ Rxc5 54. Rxc5 Nxd6 55. Rg5 Nc4 56. Rxg6+ Ka5 57. Rg3 Nxa3 58. Kf2 b4 59. Rg5+ Nb5 60. Ke3 a3 61. Kd2 a2 62. Rg8 Ka4 63. Rg1 Kb3 64. Rc1 Nc3 65. Kd3 Nb1 0-1

[Event "Early-Titled-Tuesday-Blitz-May-14-2024"]
[Site "Chess.com"]
[Date "2024.05.14"]
[Round "8"]
[White "chesslh93"]
[Black "LamaChampetre"]
[Result "1/2-1/2"]
[WhiteElo "2329"]
[BlackElo "2208"]
[TimeControl "180+1"]
[EndTime "9:31:27 PDT"]
[Termination "Game drawn by repetition"]

1. e4 c5 2. Nf3 g6 3. d4 cxd4 4. Nxd4 Nc6 5. Nc3 Bg7 6. Be3 Nf6 7. Bc4 O-O 8. Bb3 e6 9. O-O Re8 10. f3 d5 11. exd5 Nxd5 12. Nxd5 exd5 13. Bf2 Be6 14.
c3 Ne5 15. Re1 Rc8 16. Nxe6 fxe6 17. Bd4 Qd6 18. Qe2 Nc4 19. Bxg7 Kxg7 20. Rad1 Qf4 21. g3 Qc7 22. f4 Qc5+ 23. Kg2 Nd6 24. Qe5+ Kg8 25.
Qd4 Ne4 26. Qxc5 Nxc5 27. Bc2 b6 28. Re2 Kf7 29. h3 Kf6 30. Kf3 Re7 31. Rde1 Nb7 32.
Bd3 Nd6 33. h4 h5 34. Rf1 Rce8 35. Rfe1 Rc8 36. Kg2 Rce8 37. Kh2 Rc8 38. Kg2 Rce8 39. Rf2 Rc8 40. Re5 Nf7 41. Re3 Nd6 42. Rfe2 a5 43. Re1 Nc4 44. Bxc4 Rxc4 45. Kf2 b5 46.
a3 b4 47. axb4 axb4 48. Ra1 bxc3 49. bxc3 d4 50. cxd4 Rxd4 51. Rae1 Rd2+ 52. R1e2 Rxe2+ 53. Kxe2 e5 54. fxe5+ Rxe5 55. Rxe5 Kxe5 56. Ke3 Kf5 57. Kf3 Ke5 58. Ke3 Kf5 59. Kf2 Ke4 60. Ke2 Ke5 61. Ke3 1/2-1/2

[Event "Early-Titled-Tuesday-Blitz-May-14-2024"]
[Site "Chess.com"]
[Date "2024.05.14"]
[Round "8"]
[White "The_Machine04"]
[Black "Journey_to_GrandMaster_YT"]
[Result "1-0"]
[WhiteElo "2682"]
[BlackElo "2558"]
[TimeControl "180+1"]
[EndTime "9:31:28 PDT"]
[Termination "The_Machine04 won by resignation"]

1. d4 d6 2. Nf3 Nf6 3. Nbd2 Nbd7 4. e4 e5 5. dxe5 dxe5 6. Bc4 Bd6 7. O-O O-O 8. c3 Qe7 9. Qe2 c6 10. a4 a5 11. Rd1 Nc5 12. h3 Bc7 13. b3 Rd8 14.
Ba3 b6 15. Nf1 Be6 16. Bxc5 bxc5 17. Rxd8+ Rxd8 18. N3d2 Nd7 19. Bxe6 Qxe6 20. Nc4 Nb6 21. Nxb6 Bxb6 22. Nd2 Qd7 23. Nc4 Bc7 24. Kf1 Qd3 25. Qxd3 Rxd3 26. Rc1 Kf8 27. Ke2 Rd8 28. Rd1 Rxd1 29.
Kxd1 Ke7 30. Ke2 Ke6 31. Ne3 g6 32. g4 Kf6 33. h4 h5 34. gxh5 gxh5 35. Kf3 Bd8 36.
Kg3 Ke6 37. Nf5 Bf6 38. Ne3 Bd8 39. Nf5 Kf6 40. Kh3 Bc7 41. f3 Bb8 42. Ne3 Bc7 43.
Kg3 Kg6 44. Nf5 Kf6 45. Kf2 Bd8 46. Ke2 Ke6 47. Kd3 Kf6 48. Kc4 Bb6 49. Nd6 Ke6 50. Ne8 Bd8 51. Ng7+ Kd6 52. Nxh5 Bxh4 53. Ng7 Be1 54.
Nf5+ Kd7 55. Ne3 Kd6 56. Ng4 Bd2 57. Nf6 Be1 58. Ne8+ Kd7 59. Ng7 Kd6 60. Nf5+ Kd7 61. Nh6 Ke6 62. Kxc5 Bxc3 63. Kxc6 Bb4 64. Nf5 Bd2 65.
Nd6 Bb4 66. Nc4 f5 67. Kb5 fxe4 68. fxe4 Kf6 69. Nxa5 Bc3 70. Nc6 Kg5 71. Kc4 Bb2 72. b4 Kf4 73. Kd5 Bc3 74. a5 Bd2 75. b5 Be3 76. b6 Bf2 77. b7 Ba7 78. Nxa7 1-0

[Event "Early-Titled-Tuesday-Blitz-May-14-2024"]
[Site "Chess.com"]
[Date "2024.05.14"]
[Round "8"]
[White "martinez_95"]
[Black "invisible_s0ul"]
[Result "0-1"]
[WhiteElo "2174"]
[BlackElo "2327"]
[TimeControl "180+1"]
[EndTime "9:31:28 PDT"]
[Termination "invisible_s0ul won on time"]

1. e4 c5 2. Nf3 d6 3. Bc4 Nf6 4. d3 a6 5. a4 e6 6. O-O Be7 7.
Bb3 d5 8. c3 dxe4 9. dxe4 Qxd1 10. Rxd1 Nxe4 11. Nbd2 Nxd2 12. Nxd2 Nc6 13. Nc4 O-O 14.
Nb6 Rb8 15. Bf4 e5 16. Bg3 Bf5 17. Nd7 Bxd7 18. Rxd7 Rfd8 19. Rad1 Rxd7 20. Rxd7 Kf8 21. Bd5 f6 22. h3 Na5 23. f4 exf4 24. Bxf4 Rd8 25.
Rxd8+ Bxd8 26. Bd6+ Be7 27. Bc7 Nc6 28. Kf2 Ke8 29. Be6 b5 30. Bc8 bxa4 31. Bxa6 Kd7 32.
Bf4 Na7 33. Bd3 g5 34. Bb8 Nc6 35. Bb5 Bd6 36. Bxd6 Kxd6 37. Bxa4 Ne5 38. Bc2 Nc4 39. b3 Na5 40. Bxh7 Nxb3 41. g3 Ke5 42. Ke3 Na5 43. Bg8 Nc6 44. h4 Ne7 45. Bc4 gxh4 46. gxh4 Nf5+ 47.
Kd3 Nxh4 48. Bf7 Nf5 49. Bh5 Nd6 50. Bg4 f5 51. Bf3 Kf4 52. Bh1 Kg3 0-1

[Event "Early-Titled-Tuesday-Blitz-May-14-2024"]
[Site "Chess.com"]
[Date "2024.05.14"]
[Round "8"]
[White "Zurability"]
[Black "Perecke"]
[Result "1-0"]
[WhiteElo "2829"]
[BlackElo "2593"]
[TimeControl "180+1"]
[EndTime "9:31:29 PDT"]
[Termination "Zurability won on time"]

1. e4 c5 2. Nf3 e6 3. c3 d5 4. exd5 Qxd5 5. d4 Nf6 6. Be2 cxd4 7. cxd4 Bb4+ 8. Nc3 Nc6 9. O-O Qa5 10. Bd2 O-O 11.
a3 Be7 12. Bc4 Qd8 13. Bf4 b6 14. d5 exd5 15. Nxd5 Nxd5 16. Bxd5 Bb7 17. Rc1 Rc8 18. Ne5 Nxe5 19. Bxb7 Rxc1 20. Bxc1 Nd3 21. Be3 Nxb2 22. Qb3 Bf6 23. Bd5 Qd7 24. Rc1 Rd8 25. Bf3 h6 26. g3 Qa4 27. Qxa4 Nxa4 28. Rc7 a5 29. Bc6 Nc5 30. Bb5 Bd4 31. Bxd4 Rxd4 32. Rc6 Rd1+ 33. Kg2 Ra1 34. Rxb6 Rxa3 35. Bc4 Rc3 36. Rb8+ Kh7 37. Bxf7 a4 38. h4 g5 39. h5 a3 40.
Ra8 Kg7 41. Bd5 Nd3 42. Ra7+ Kf6 43. Ra6+ Ke5 44. Bg8 Ne1+ 45. Kf1 Rc1 46. Ke2 Ra1 47. Rxh6 Nc2 48. Ra6 Nd4+ 49. Kd2 Rh1 50. g4 Rh2 51. Rxa3 Rxf2+ 52. Kc1 Rg2 53. Ra5+ Kf4 54. h6 Rxg4 55.
h7 Rh4 56. Ra4 Ke3 57. Ra3+ Kf4 58. Ra7 Kf5 59. Bc4 Nf3 60. Bd3+ 1-0

[Event "Early-Titled-Tuesday-Blitz-May-14-2024"]
[Site "Chess.com"]
[Date "2024.05.14"]
[Round "8"]
[White "Matibar"]
[Black "ImportedItalianMaple"]
[Result "1-0"]
[WhiteElo "2778"]
[BlackElo "2588"]
[TimeControl "180+1"]
[EndTime "9:31:29 PDT"]
[Termination "Matibar won by checkmate"]

1. b3 d5 2. Bb2 Nf6 3. e3 Bf5 4. Be2 e6 5. d3 Nbd7 6. g4 Bg6 7. h4 h5 8. g5 Ng8 9. Nf3 c6 10. c4 Bb4+ 11. Kf1 f6 12. Rg1 Ne7 13. Nc3 Qa5 14. Rc1 O-O-O 15. a3 Bd6 16. b4 Bxb4 17. axb4 Qxb4 18.
Qa4 Qb6 19. Ba3 Nc5 20. Bxc5 Qxc5 21. d4 Qb6 22. c5 Qc7 23. Qxa7 e5 24. Na4 Kd7 25.
Nb6+ Ke6 26. gxf6 gxf6 27. dxe5 fxe5 28. Ng5+ Kf6 29. Qa1 Rhf8 30. Ke1 d4 31. Qa2 Nd5 32. Nxd5+ cxd5 33. exd4 exd4 34. Qd2 Rfe8 35. Qxd4+ Re5 36. f4 Re8 37. fxe5+ Rxe5 38. Rf1+ Ke7 39. Rf2 Bf5 40. Nf3 Re4 41. Qg7+ Kd8 42. Qxc7+ Kxc7 43. Nd2 Re5 44. Kd1 d4 45. Nc4 Rxc5 46. Nb2 Rxc1+ 47. Kxc1 Be4 48. Bxh5 Kd6 49. Kd2 Ke5 50. Bf3 b5 51. Re2 Kf4 52. Rxe4+ Kxf3 53. Rxd4 Kg3 54. Rb4 Kh3 55. Nd3 Kg3 56. Ke3 Kh3 57. Ne5 Kg3 58. Nf3 Kh3 59.
Rxb5 Kg3 60. Rg5+ Kh3 61. Ne5 Kxh4 62. Rg6 Kh5 63. Kf4 Kh4 64. Kf5 Kh5 65. Nc6 Kh4 66.
Rh6+ Kg3 67. Rh5 Kf3 68. Rh3+ Ke2 69. Ke4 Kd2 70. Kd4 Kc2 71. Rd3 Kb2 72. Kc4 Kc2 73. Na7 Kb2 74. Rd2+ Kc1 75. Kc3 Kb1 76. Kb3 Kc1 77. Rd3 Kb1 78. Rd1# 1-0

[Event "Early-Titled-Tuesday-Blitz-May-14-2024"]
[Site "Chess.com"]
[Date "2024.05.14"]
[Round "8"]
[White "emiliocordova"]
[Black "Aswathchess"]
[Result "1-0"]
[WhiteElo "2909"]
[BlackElo "2677"]
[TimeControl "180+1"]
[EndTime "9:31:31 PDT"]
[Termination "emiliocordova won by resignation"]

1. d4 Nf6 2. Bg5 d5 3. e3 Bf5 4.
Bd3 Bxd3 5. cxd3 e6 6. Nf3 Nbd7 7. Ne5 Be7 8. O-O O-O 9. f4 c5 10. Bxf6 gxf6 11. Nxd7 Qxd7 12. dxc5 Bxc5 13. d4 Be7 14. f5 Kh8 15. Nc3 Rg8 16. Qd3 Rg5 17. Rf2 Rag8 18.
Raf1 a6 19. g3 Bd6 20. Ne2 Be7 21. Kh1 Qc8 22. Rf4 Rh5 23. R4f3 Qd7 24. a3 Bd8 25.
Nc3 Qd6 26. Qd1 Rh6 27. Kg2 Bc7 28. Ne2 Qf8 29. R1f2 Rh5 30. fxe6 Qh6 31. Kg1 fxe6 32. Qc1 Bd8 33. Qc8 f5 34. Qxb7 Rhg5 35. Qxa6 Qf6 36.
Nf4 Re8 37. Qc6 Rgg8 38. b4 Qe7 39. Rc2 Qf6 40. Kg2 Qh6 41. Nxd5 Bg5 42. Nf4 Bxf4 43. Rxf4 Qh5 44. Qf3 Qg6 45. Rc7 e5 46. Rh4 Rg7 47.
Rxg7 Kxg7 48. Qb7+ Kh8 49. Qd7 exd4 50. Rxh7+ Kg8 51.
Rg7+ Qxg7 52. Qxe8+ Kh7 53. Qh5+ Kg8 54. Qxf5 Qb7+ 55.
Qf3 Qd7 56. exd4 Qxd4 57. h4 Qd2+ 58. Kh3 Kh8 59. Qf6+ Kh7 60. Qf5+ Kh8 61. Qh5+ Kg8 62. Qg5+ Qxg5 63. hxg5 1-0

[Event "Early-Titled-Tuesday-Blitz-May-14-2024"]
[Site "Chess.com"]
[Date "2024.05.14"]
[Round "8"]
[White "Lennis93"]
[Black "xasid81"]
[Result "0-1"]
[WhiteElo "2779"]
[BlackElo "2606"]
[TimeControl "180+1"]
[EndTime "9:31:31 PDT"]
[Termination "xasid81 won by resignation"]

1. d4 d5 2. Nf3 Nf6 3. c4 c6 4.
Qc2 e6 5. Nbd2 Nbd7 6. e4 dxe4 7.
Nxe4 Nxe4 8. Qxe4 Nf6 9. Qe3 Bb4+ 10. Bd2 Qa5 11. a3 Bxd2+ 12. Qxd2 Qxd2+ 13. Kxd2 b6 14. c5 bxc5 15. dxc5 Ne4+ 16. Ke3 Nxc5 17. Rc1 Nd7 18.
Rxc6 O-O 19. b4 Nf6 20. Bc4 Bb7 21. Rc5 Rac8 22. Rc1 Rxc5 23. bxc5 Rc8 24. Bb5 Bd5 25. Ne5 Kf8 26. f3 Ke7 27. a4 Ba8 28. Ba6 Rc7 29.
Kd4 Nd5 30. Rb1 f6 31. Nd3 Bc6 32. f4 Rd7 33. Kc4 Bxa4 34. Bb7 Bc2 35. Rb2 Ne3+ 36.
Kb5 Bxd3+ 37. Ka4 Rc7 38. c6 Be4 39. Kb5 Rxb7+ 40. cxb7 Bxb7 41. Ra2 Bxg2 42. Rxa7+ Kd6 43. Rxg7 Be4 44. Rf7 Nd5 45. h4 Bg6 46. Rf8 Ke7 47. Rh8 Nxf4 48. Kc6 f5 49. Kc5 Kf6 50. Kd6 Kg7 51.
Ra8 Kf6 52. Rf8+ Bf7 53. Rh8 h5 54. Rf8 Ng2 55. Ra8 Nxh4 56. Kc5 Ng6 57. Kd4 h4 58. Ke3 e5 59. Kf2 Be6 60. Ra6 f4 61. Kg2 e4 62.
Kh2 Kf5 63. Ra5+ Ne5 64. Kh3 e3 65. Kxh4 Ke4 66. Ra4+ Bc4 67. Kh3 e2 68. Ra1 Nf3 69. Kg2 e1=Q 70. Rxe1+ Nxe1+ 71. Kf2 Nf3 0-1

[Event "Early-Titled-Tuesday-Blitz-May-14-2024"]
[Site "Chess.com"]
[Date "2024.05.14"]
[Round "8"]
[White "Saxar85"]
[Black "chessfatbear"]
[Result "0-1"]
[WhiteElo "2789"]
[BlackElo "2913"]
[TimeControl "180+1"]
[EndTime "9:31:33 PDT"]
[Termination "chessfatbear won by resignation"]

1. Nf3 Nf6 2. g3 d5 3. Bg2 c6 4. O-O Bf5 5. c4 e6 6. cxd5 exd5 7. d3 Be7 8. Qb3 Qc8 9. Nc3 O-O 10. Nd4 Bg4 11. e4 c5 12. Nf5 Bxf5 13. exf5 Nc6 14. Nxd5 Nxd5 15. Qxd5 Rd8 16. Qe4 Bf6 17. Be3 Bxb2 18.
Bxc5 Bxa1 19. Rxa1 Qd7 20. d4 Nxd4 21. Qxb7 Ne2+ 22.
Kh1 Qxf5 23. Be3 Rab8 24. Qe4 Qxe4 25. Bxe4 Nc3 26. Bf3 a5 27. a3 Rb1+ 28. Rxb1 Nxb1 29. Bb6 Rd3 30. Be4 Rxa3 31. Bxb1 Ra1 32. Kg2 Rxb1 33. Bxa5 g6 34. h4 Kg7 35. Bc3+ Kf8 36. Bd4 Ke7 37. Kf3 Ke6 38. Be3 Kf5 39. Bd4 Rb3+ 40. Be3 Ra3 41. Kg2 Ke4 42. Bc5 Rd3 43. Bb6 Rc3 44. Ba5 Rf3 45.
Bb6 Rb3 46. Bc5 f5 47. Bd6 Rf3 48. Bc7 Rb3 49. Bf4 Rd3 50. Bg5 Rf3 51. Bh6 Rd3 52. Bg5 Kd5 53. Bh6 Kc4 54. Bg5 Kb3 55. Bf4 Kc2 56. Bc7 Kd1 57. Bb6 Ke2 58. Bc5 Rf3 59.
Bb6 f4 60. Bc5 Rc3 61. Bb6 f3+ 62. Kh3 Rc1 63. g4 Rg1 0-1

[Event "Early-Titled-Tuesday-Blitz-May-14-2024"]
[Site "Chess.com"]
[Date "2024.05.14"]
[Round "8"]
[White "Fh2411"]
[Black "Mikasinski"]
[Result "1-0"]
[WhiteElo "2565"]
[BlackElo "2651"]
[TimeControl "180+1"]
[EndTime "9:31:35 PDT"]
[Termination "Fh2411 won by resignation"]

1. d4 Nf6 2. Nf3 e6 3. Bf4 b6 4. e3 Bb7 5. Nbd2 Be7 6. Bd3 d5 7. Ne5 Nbd7 8. O-O Nxe5 9. Bxe5 O-O 10. Qf3 Nd7 11. Qh3 h6 12. Bg3 c5 13. c3 Nf6 14. f3 Bd6 15. Bh4 Be7 16. Bxf6 Bxf6 17. f4 a5 18. Rf3 a4 19. a3 Kh8 20. g4 Bh4 21. Kh1 g6 22. Rg1 Rg8 23. g5 hxg5 24.
Rxg5 Kg7 25. Qxh4 Rh8 26. Qg3 Qf6 27. Rf2 Rh6 28. Rg2 Rah8 29. Nf3 Rh3 30. Qf2 R8h6 31. Ne5 Qe7 32. Bxg6 fxg6 33. Rxg6+ Rxg6 34. Nxg6 Qf6 35. Ne5+ Kh7 36. Rg1 Qf5 37. Qg2 Qe4 38. Qxe4+ dxe4 39. Rg3 Rh5 40. Kg2 Rf5 41. h4 Rf8 42. h5 cxd4 43. cxd4 Rc8 44. Kh3 Rc2 45. Rg2 Rc1 46. Kg4 Ba6 47.
Kg5 Bf1 48. Rg1 Rd1 49. Ng4 Be2 50. Nf6+ Kg7 51. h6+ Kf7 52. Rxd1 Bxd1 53. Nxe4 Bc2 54. Nf6 Ke7 55. h7 Bxh7 56. Nxh7 Kd6 57. Kf6 Kd5 58.
Ng5 b5 59. Nxe6 b4 60. axb4 Kc4 61. Nc5 a3 62. bxa3 1-0

[Event "Early-Titled-Tuesday-Blitz-May-14-2024"]
[Site "Chess.com"]
[Date "2024.05.14"]
[Round "8"]
[White "wild3000"]
[Black "Sanyura"]
[Result "0-1"]
[WhiteElo "2513"]
[BlackElo "2647"]
[TimeControl "180+1"]
[EndTime "9:31:36 PDT"]
[Termination "Sanyura won on time"]

1. d4 Nf6 2. Nf3 g6 3. e3 Bg7 4. Be2 O-O 5. O-O d6 6. b3 b6 7. Bb2 c5 8. c4 Nc6 9. Nc3 a6 10.
Rc1 Bf5 11. Bd3 Bg4 12. Be2 Rc8 13. h3 Bxf3 14. Bxf3 Nd7 15. Nd5 b5 16. Qd2 bxc4 17. Rxc4 cxd4 18. exd4 e6 19. Ne3 d5 20. Ra4 a5 21. Rc1 Nb6 22. Rxa5 Nxa5 23. Qxa5 Rxc1+ 24. Bxc1 Bxd4 25. Ng4 h5 26. Be3 Bxe3 27. Nxe3 d4 28. Nf1 Nd5 29. Qd2 e5 30. Ng3 Nc3 31. Qh6 d3 32. Bxh5 Qf6 33. Bf3 e4 34. Bxe4 Ne2+ 35. Kh2 Qxf2 36. Nxe2 Qxe2 37. Bxg6 Qe5+ 38. Kg1 fxg6 39.
Qxg6+ Qg7 40. Qe6+ Qf7 41. Qg4+ Kh7 42. Qh4+ Kg7 43.
Qd4+ Qf6 44. Qxd3 Rd8 45. Qg3+ Kf8 46. Kh2 Rd4 47. a4 Qf4 48. a5 Qxg3+ 49. Kxg3 Rd3+ 50.
Kf4 Rxb3 51. h4 Ra3 52. g4 Rxa5 53. g5 Ra4+ 54. Kf5 Rxh4 55. Kg6 Ra4 56. Kf5 Kg7 57. g6 Ra5+ 0-1

[Event "Early-Titled-Tuesday-Blitz-May-14-2024"]
[Site "Chess.com"]
[Date "2024.05.14"]
[Round "8"]
[White "noblerone"]
[Black "Dolphin_2010"]
[Result "0-1"]
[WhiteElo "2504"]
[BlackElo "2629"]
[TimeControl "180+1"]
[EndTime "9:31:36 PDT"]
[Termination "Dolphin_2010 won on time"]

1. d4 d5 2. Nf3 Nf6 3. Bg5 Ne4 4. Bf4 c5 5. e3 Nc6 6. c3 Qb6 7. Qb3 c4 8. Qxb6 axb6 9. Nfd2 Nxd2 10. Nxd2 b5 11. e4 e6 12. Be2 b4 13. Bf3 bxc3 14. bxc3 Ra5 15. O-O Kd7 16. a4 Bd6 17. Bxd6 Kxd6 18.
Rfb1 Ne7 19. Rb4 Kc7 20. h3 Bd7 21. exd5 exd5 22. Nxc4 dxc4 23. Rxb7+ Kd6 24. Rb6+ Bc6 25. Re1 Nd5 26. Bxd5 Rxd5 27. Rb4 Ra8 28. Rxc4 Rda5 29. Rb4 Rxa4 30. Rb6 R4a6 31. Rb2 Ra3 32. c4 Ra1 33. Rxa1 Rxa1+ 34. Kh2 Rc1 35. d5 Bd7 36. Rb4 Ra1 37. Kg3 Ra4 38. Rb6+ Kc7 39. c5 Rc4 40. d6+ Kc8 41. Ra6 Rxc5 42. Ra8+ Kb7 43. Rh8 h6 44.
Rh7 Rg5+ 45. Kh2 Kc6 46. f3 Kxd6 47. Rh8 Rc5 48. Ra8 Ke7 49. Kg3 h5 50. h4 g6 51. Ra7 Rd5 52. Rb7 Kf6 53. Rb6+ Be6 54. Ra6 Rd2 55. Rb6 Kg7 56. Ra6 Bc4 57. Ra1 Rc2 58. Rb1 Kh6 59. Ra1 f6 60. Rb1 g5 61.
Rg1 Kg6 0-1

[Event "Early-Titled-Tuesday-Blitz-May-14-2024"]
[Site "Chess.com"]
[Date "2024.05.14"]
[Round "8"]
[White "simaopdias"]
[Black "Nasrin_Babayeva"]
[Result "0-1"]
[WhiteElo "2251"]
[BlackElo "1973"]
[TimeControl "180+1"]
[EndTime "9:31:36 PDT"]
[Termination "Nasrin_Babayeva won on time"]

1. d4 d6 2. Nf3 Bg4 3. c4 Bxf3 4.
exf3 Nd7 5. Bd3 e6 6. O-O Ngf6 7.
Re1 Be7 8. Nc3 O-O 9. Bg5 h6 10.
Be3 a5 11. Qe2 Re8 12. Rad1 d5 13. a3 c6 14. Bf4 dxc4 15. Bxc4 b5 16. Ba2 Nb6 17.
Ne4 Nbd5 18. Bg3 Qb6 19. Qd3 Red8 20. Bb1 b4 21. Nxf6+ Nxf6 22. Be5 Qb5 23. Qc2 g6 24. Rc1 Rac8 25. a4 Qd5 26. b3 c5 27. dxc5 Rxc5 28. Qb2 Rxc1 29. Rxc1 Qd2 30. h3 Qxb2 31. Bxb2 Rd2 32.
Be5 Kg7 33. Kf1 Rd5 34. Bb2 Bc5 35. Ke1 Bxf2+ 36. Kxf2 Rd2+ 37. Ke3 Rxb2 38. Bc2 Nd5+ 39. Kd2 Nc3 40. Re1 Kf6 41. Kc1 Ra2 42. Kd2 Ke7 43. Kd3 Kd6 44. g4 Nd5 45. Re4 g5 46. Kd2 Nf4 47. Kc1 Ra1+ 48. Bb1 Ra3 49. Kb2 Nxh3 50. Rd4+ Ke5 51. Rc4 Kf6 52. Be4 Nf4 53. Rc5 Ne2 54. Rxa5 Nd4 0-1

[Event "Early-Titled-Tuesday-Blitz-May-14-2024"]
[Site "Chess.com"]
[Date "2024.05.14"]
[Round "8"]
[White "lagunanivaria"]
[Black "ansko1999"]
[Result "0-1"]
[WhiteElo "2530"]
[BlackElo "2649"]
[TimeControl "180+1"]
[EndTime "9:31:37 PDT"]
[Termination "ansko1999 won by checkmate"]

1. c4 e6 2. Nc3 b6 3. e4 c5 4.
g3 Bb7 5. Bg2 g6 6. Nge2 Bg7 7. O-O Nc6 8. d3 Nge7 9. Be3 Nd4 10.
Bxd4 cxd4 11. Nb5 d5 12. Nbxd4 dxc4 13. dxc4 O-O 14. Rb1 Qc8 15. Qc2 Rd8 16. Rfd1 Qc5 17. Nb3 Qc7 18. Nbd4 Qc5 19. Nb3 Qc7 20. f4 e5 21. f5 Bh6 22. fxg6 hxg6 23. Kh1 a5 24. a4 Nc6 25. Rxd8+ Rxd8 26. Rd1 Rc8 27. Qc3 Nb4 28. c5 bxc5 29. Ng1 c4 30. Na1 Nd3 31. Rf1 Be3 32. h3 Bd4 33. Qc2 Bxb2 34. Ne2 Bxa1 35. Rxa1 Qc5 36.
Nc3 Qf2 37. Qxf2 Nxf2+ 38. Kg1 Nd3 39. Bf1 Bc6 40. Rd1 Nc5 41. Nd5 Bxd5 42. exd5 Nd7 43. h4 f5 44. d6 Kf7 45. Bg2 e4 46. Bh3 Ke6 47. g4 c3 48. h5 c2 49. Rc1 Rc3 50.
hxg6 Rxh3 51. gxf5+ Kxf5 52. Rxc2 Rg3+ 53. Kf2 Rxg6 54.
Ke3 Rxd6 55. Rc3 Ke5 56. Rb3 Rd3+ 57. Rxd3 exd3 58. Kxd3 Kd5 59. Kc3 Kc5 60. Kb3 Nb6 61. Ka3 Kc4 62. Ka2 Kb4 63. Kb2 Kxa4 64. Ka2 Kb4 65.
Kb2 Nc4+ 66. Ka2 a4 67. Kb1 a3 68. Ka1 Kb3 69. Kb1 Ne3 70. Ka1 Nc2+ 71. Kb1 a2+ 72.
Kc1 a1=Q+ 73. Kd2 Qe1+ 74. Kd3 Qe3# 0-1